 Dungeon Crawl Stone Soup version 0.25-a0-663-gace7076f2c (webtiles) character file.

Game seed: 9788076066066396551, levelgen mode: deterministic

39 Alarkh the Insei (level 3, 0/29 HPs)
             Began as a Demonspawn Monk on Mar 25, 2020.
             Killed by nerve-wracking pain
             ... invoked by an orc priest
              (12 damage)
             ... on level 3 of the Dungeon.
             The game lasted 00:01:11 (1304 turns).

Alarkh the Insei (Demonspawn Monk)                  Turns: 1304, Time: 00:01:11

Health: 0/29       AC:  2    Str: 11    XL:     3   Next: 26%
Magic:  3/3        EV: 13    Int: 12    God:
Gold:   150        SH:  0    Dex: 15    Spells: 2/2 levels left

rFire    . . .     SeeInvis +     - Unarmed
rCold    . . .     Gourm    .   (no shield)
rNeg     . . .     Faith    .   a - +0 robe
rPois    .         Spirit   .   (no helmet)
rElec    .         Reflect  .   (no cloak)
rCorr    .         Harm     .   (no gloves)
MR       .....                  (no boots)
Stlth    ++........             (no amulet)
HPRegen  0.09/turn              h - ring of see invisible
MPRegen  0.08/turn              (no ring)

@: no status effects
A: spiny 2
a: no special abilities


You were on level 3 of the Dungeon.
You were not hungry.

You visited 1 branch of the dungeon, and saw 3 of its levels.

You collected 150 gold pieces.

Inventory:

Armour
 a - a +0 robe (worn)
Jewellery
 h - a ring of see invisible (left hand)
Scrolls
 c - a scroll of immolation {unknown}
 d - 2 scrolls of teleportation {unknown}
 e - 2 scrolls of fog {unknown}
 j - 2 scrolls of identify {unknown}
Potions
 f - a potion of might {unknown}
 g - a potion of heal wounds
 i - 2 potions of resistance {unknown}
 k - 2 potions of curing {unknown}
 l - a potion of degeneration {unknown}
Comestibles
 b - 2 rations
 m - 3 chunks of flesh


   Skills:
 - Level 3.0 Fighting
 - Level 2.6 Dodging
 - Level 1.7 Stealth
 + Level 4.0 Unarmed Combat


You had 2 spell levels left.
You didn't know any spells.
Your spell library was empty.

Dungeon Overview and Level Annotations

Branches:
Dungeon (3/15)

Altars:


Innate Abilities, Weirdness & Mutations

You are mostly covered in sharp spines.


Message History

The orc wizard blinks!
The orc wizard mumbles some strange words.
The orc wizard seems to speed up.
You hit the orc wizard.
The orc wizard is almost dead.
The orc priest hits you with a +0 mace.
The orc wizard gestures at you while chanting.
The magic dart hits you!
You hit the orc priest but do no damage.
The orc wizard miscasts a cantrip.
The orc wizard casts a spell.
The orc wizard blinks!
The orc priest is struck by your spines.
The orc priest barely misses you.
You hit the orc priest.
The orc priest is lightly wounded.
The orc wizard hits you but does no damage.
The orc priest calls down the wrath of Beogh upon you.
Pain shoots through your body!
You die...

.##.#.##### .##.......##
..# ..###.##..÷#
#.#......o ......##...#
#.#.8...8.# #.######...#
#.#..o....# #.# #...#
##.#.......# #.# #...#
#..#o.o....#
..######...####..#.8o..8.#
................@#.......#
#...............ooo.......
##.....[.........#w#§....
########...#######.......#
# #..÷# #.......# # #...#
......... #..># ##.##..##
#...# .# ..# #...# .. ...


You could see a worm, an orc priest, an orc wizard and an orc.

Vanquished Creatures
  An ooze (D:3)
  2 dart slugs (D:1)
  An orc (D:3)
  A ball python (D:2)
  2 giant cockroaches
  3 goblins
  4 hobgoblins
  2 jackals (D:2)
  2 quokkas
  2 bats
  2 frilled lizards
  2 kobolds (D:1)
  4 rats
28 creatures vanquished.

Notes
Turn   | Place    | Note
-------+----------+-------------------------------------------
     0 | D:1      | Alarkh the Demonspawn Monk began the quest for the Orb.
     0 | D:1      | Reached XP level 1. HP: 18/18 MP: 1/1
    42 | D:1      | Reached skill level 3 in Unarmed Combat
   358 | D:1      | Gained mutation: You are partially covered in sharp spines.
                  | [demonic ancestry]
   358 | D:1      | Reached XP level 2. HP: 24/24 MP: 2/2
   535 | D:2      | Found a faded altar of an unknown god.
  1215 | D:3      | Gained mutation: You are mostly covered in sharp spines.
                  | [demonic ancestry]
  1215 | D:3      | Reached XP level 3. HP: 23/29 MP: 3/3
  1285 | D:3      | Reached skill level 4 in Unarmed Combat
  1304 | D:3      | Killed from afar by an orc priest

Levels and vault maps discovered:
D:1:      eino_arrival_water_cross, layout_loops_ring
D:2:      layout_loops_ring, chequers_ecumenical_altar_simple_redux,
          first_ration
D:3:      cheibrodos_pilgrimage, layout_loops_cross, small_statue_alley_b,
          uniq_sigmund, uniq_jessica

Skill      XL: |  1  2  3 |
---------------+----------+-----
Unarmed Combat | 3 4 |  4.0
Fighting       | |  3.0
Dodging        | |  2.6
Stealth        | |  1.7

Action                   || total
-------------------------++-------
Melee: Unarmed           ||    85
       Punch             ||     2
  Use: Potion            ||     1
 Stab: Sleeping          ||     2
  Eat: Chunk             ||     1
Armor: Robe              ||    12
Dodge: Dodged            ||    45

Table legend:
 A = Non-vault XP
 B = Vault XP
 C = Vault XP percentage of total XP
 D = Non-vault monster count
 E = Vault monster count
 F = Vault count percentage of total count
                 A         B        C        D         E       F
            +---------+---------+-------+---------+---------+-------
      Total |      53 |       3 |   5.4 |      27 |       1 |   3.6
            +---------+---------+-------+---------+---------+-------
        D:1 |      17 |       0 |   0.0 |       8 |       0 |   0.0
        D:2 |      22 |       0 |   0.0 |      12 |       0 |   0.0
        D:3 |      14 |       3 |  17.6 |       7 |       1 |  12.5
            +---------+---------+-------+---------+---------+-------
